 Dungeon Crawl Stone Soup version 0.26-a0-180-ge96aa7da28 (webtiles) character file.

Game seed: 14729063779915081742

2755 gruber the Arsonist (level 9, 0/62 HPs)
             Began as a Demigod Fire Elementalist on July 3, 2020.
             Slain by a hog (14 damage)
             ... on level 7 of the Dungeon.
             The game lasted 00:12:13 (9854 turns).

gruber the Arsonist (Demigod Fire Elementalist)     Turns: 9854, Time: 00:12:14

Health: 0/62       AC:  3    Str: 11    XL:     9   Next: 18%
Magic:  0/20       EV: 12    Int: 25    God:
Gold:   214        SH:  0    Dex: 16    Spells: 5/18 levels left

rFire    . . .     SeeInvis .   d - +2 dagger (venom)
rCold    . . .     Faith    .   (no shield)
rNeg     . . .     Spirit   .   K - +1 robe {MR+}
rPois    .         Reflect  .   (no helmet)
rElec    .         Harm     .   j - scarf {+Inv}
rCorr    .                      (no gloves)
MR       +....                  (no boots)
Stlth    ++........             (no amulet)
HPRegen  0.20/turn              G - ring of wizardry
MPRegen  0.17/turn              (no ring)

@: no status effects
A: high mp 1
a: Evoke Invisibility


You were on level 7 of the Dungeon.
You were very hungry.

You visited 1 branch of the dungeon, and saw 7 of its levels.
You also visited: Ossuary.

You collected 421 gold pieces.
You spent 207 gold pieces at shops.

Inventory:

Hand Weapons
 d - a +2 dagger of venom (weapon)
 s - a +1 vorpal falchion
Missiles
 C - 7 curare-tipped darts (quivered)
Armour
 j - a scarf of invisibility (worn)
 B - the +1 ring mail of Prudence {rC++ Int-5 Dex+2 Slay+2}
   (You bought it in a shop on level 5 of the Dungeon)

   It affects your intelligence (-5).
   It affects your dexterity (+2).
   It affects your accuracy and damage with ranged weapons and melee attacks
   (+2).
   It greatly protects you from cold.
 K - a +1 robe of magic resistance (worn)
Jewellery
 G - a ring of wizardry (left hand)
Wands
 a - a wand of iceblast (11)
 I - a wand of acid (13)
 J - a wand of paralysis (10)
Scrolls
 f - 2 scrolls of random uselessness {unknown}
 g - 9 scrolls of remove curse
 i - a scroll of blinking {unknown}
 m - a scroll of fear {unknown}
 n - 2 scrolls of fog {unknown}
 o - 3 scrolls of identify
 p - a scroll of enchant weapon {unknown}
 q - a scroll of magic mapping {unknown}
 u - 5 scrolls of teleportation
 x - 4 scrolls of amnesia {unknown}
 y - 2 scrolls of silence {unknown}
 A - a scroll of enchant armour {unknown}
 D - a scroll of noise {unknown}
 E - a scroll of vulnerability {unknown}
 F - a scroll of immolation {unknown}
Potions
 b - a potion of invisibility {unknown}
 e - 3 potions of degeneration {unknown}
 h - a potion of flight {unknown}
 k - 3 potions of stabbing {unknown}
 l - a potion of haste {unknown}
 r - a potion of ambrosia {unknown}
 v - a potion of lignification {unknown}
 w - 2 potions of cancellation {unknown}
 z - 2 potions of curing {unknown}
Comestibles
 c - 15 rations


   Skills:
 - Level 1.7 Dodging
 - Level 1.7 Stealth
 - Level 5.0 Spellcasting
 - Level 6.0 Conjurations
 * Level 9.3 Fire Magic


You had 5 spell levels left.
You knew the following spells:

 Your Spells              Type           Power        Failure   Level  Hunger
a - Foxfire               Conj/Fire      ####         1%          1    None
b - Conjure Flame         Conj/Fire      #####...     1%          3    ##.....
c - Sticky Flame          Conj/Fire      #####...     1%          4    ####...
d - Fireball              Conj/Fire      #####.....   4%          5    #####..

Your spell library contained the following spells:

 Spells                   Type           Power        Failure   Level  Hunger
 Inner Flame              Hex/Fire       ####....     1%          3    ##.....


Dungeon Overview and Level Annotations

Branches:
Dungeon (7/15)             Temple (0/1) D:4         Ossuary (visited)

Shops:
D:5 [


Innate Abilities, Weirdness & Mutations

You have an increased reservoir of magic. (+10% MP)


Message History

The hog barely misses you.
Unknown command.
You barely miss the hog.
The hog is heavily wounded.
The hog bites you!
* * * LOW HITPOINT WARNING * * *
Unknown command.
The hog completely misses you. The hog bites you.
* * * LOW HITPOINT WARNING * * *
The hog bites you but does no damage.
Casting: Foxfire (safe; 1% risk of failure)
Confirm with . or Enter, or press ? or * to list all spells.
You conjure some foxfire!
The hog barely misses you.
Unknown command.
Unknown command.
Casting: Foxfire (safe; 1% risk of failure)
Confirm with . or Enter, or press ? or * to list all spells.
You conjure some foxfire!
The hog bites you!
You die...

# #.......#.# #. #.##.##.#.#
#.#####.##.##.#.##
#.......##.#.....#
###...####.......#
###.....#####..>..#
##.......## #.....#
#.........###...v.#########>
'.........+....v@h..........
#.........####.vv###........
##.......## ##.## #.)...###
##.....## #.# #.#####
##...## #.# #.#..)# ####
##+## #.# #.#...# +..#
#####.# #.# #.#^..####..#+
......# #.####.#...#.......
#####<#####
#..∩.#.'.).'..####.


You could see a hog (poisoned).

Vanquished Creatures
  A hippogriff (D:7)
  A human (D:7)
  A yak (D:7)
  2 hogs (D:7)
  Menkaure (D:7)
  A sky beast (D:3)
  2 ice beasts (D:6)
  A phantom (D:7)
  2 bullfrogs
  2 water moccasin zombies (Ossuary)
  A scorpion (D:6)
  2 howler monkeys
  2 centaur zombies (Ossuary)
  3 bullfrog zombies (Ossuary)
  A hound (D:7)
  4 orc wizards
  A gnoll shaman (D:5)
  Jessica (D:3)
  2 iguanas
  4 worker ants
  2 hound zombies (Ossuary)
  14 mummies (Ossuary)
  2 worker ant zombies (Ossuary)
  8 gnolls
  8 adders
  A shadow imp (D:5)
  2 oozes
  2 adder skeletons
  2 adder zombies
  5 worms
  A dart slug (D:1)
  3 leopard geckos
  21 orcs
  4 giant cockroaches
  6 hobgoblins
  13 jackals
  8 kobolds
  5 quokkas
  3 ball pythons
  4 bats
  4 frilled lizards
  11 goblins
  2 jackal zombies (Ossuary)
  A leopard gecko skeleton (D:4)
  A leopard gecko zombie (Ossuary)
  7 rats
175 creatures vanquished.

Vanquished Creatures (others)
  906 foxfires
  3 withered plants (Ossuary)
909 creatures vanquished.

Grand Total: 1084 creatures vanquished

Notes
Turn   | Place    | Note
-------+----------+-------------------------------------------
     0 | D:1      | gruber the Demigod Fire Elementalist began the quest for
                  | the Orb.
     0 | D:1      | Reached XP level 1. HP: 14/14 MP: 5/5
    42 | D:1      | Reached skill level 1 in Conjurations
   392 | D:1      | Reached skill level 3 in Fire Magic
   395 | D:1      | Reached XP level 2. HP: 20/20 MP: 2/7
   943 | D:2      | Reached XP level 3. HP: 26/26 MP: 2/9
  1848 | D:2      | Learned a level 3 spell: Conjure Flame
  1898 | D:3      | Reached XP level 4. HP: 9/33 MP: 2/10
  2301 | D:3      | Found a faded altar of an unknown god.
  2597 | D:3      | Noticed a sky beast
  3062 | D:3      | Noticed Jessica
  3064 | D:3      | Killed Jessica
  3064 | D:3      | Reached skill level 4 in Fire Magic
  3064 | D:3      | Reached XP level 5. HP: 38/38 MP: 9/12
  3070 | D:3      | Learned a level 4 spell: Sticky Flame
  3128 | D:3      | Found a basalt altar of Yredelemnul.
  3163 | D:3      | Killed a sky beast
  3677 | D:4      | Found a stormy altar of Qazlal.
  3698 | D:4      | Reached XP level 6. HP: 41/45 MP: 13/15
  4341 | D:4      | Reached skill level 5 in Spellcasting
  4542 | D:4      | Found a staircase to the Ecumenical Temple.
  5059 | D:5      | Entered Level 5 of the Dungeon
  5075 | D:5      | Found a sand-covered staircase.
  5082 | Ossuary  | Entered an ossuary
  5167 | Ossuary  | Reached XP level 7. HP: 35/50 MP: 10/17
  5401 | Ossuary  | Reached skill level 5 in Conjurations
  6532 | D:5      | Found Niniet's Antique Armour Boutique.
  6539 | D:5      | Bought a bloodstained ring mail for 207 gold pieces
  6541 | D:5      | Identified the +1 ring mail of Prudence {rC++ Int-5 Dex+2
                  | Slay+2} (You bought it in a shop on level 5 of the Dungeon)
  7106 | D:6      | Reached skill level 5 in Fire Magic
  7106 | D:6      | Reached XP level 8. HP: 57/57 MP: 14/19
  7652 | D:6      | Reached skill level 6 in Fire Magic
  8360 | D:7      | Noticed a hippogriff
  8366 | D:7      | Killed a hippogriff
  8366 | D:7      | Reached skill level 7 in Fire Magic
  8945 | D:7      | Learned a level 5 spell: Fireball
  9376 | D:7      | Reached skill level 8 in Fire Magic
  9604 | D:7      | Noticed Menkaure
  9609 | D:7      | Killed Menkaure
  9806 | D:7      | Reached XP level 9. HP: 50/62 MP: 8/20
  9829 | D:7      | Reached skill level 9 in Fire Magic
  9854 | D:7      | Slain by a hog

Illustrated notes

Levels and vault maps discovered:
D:1:      ncdulo_halloftheorcs, layout_basic
D:2:      layout_rooms
D:3:      layout_rooms, lemuel_doored_altar, chequers_ecumenical_altar_lobes,
          first_ration, saegor_snake_ambush, uniq_jessica
D:4:      layout_cave_pods, kennysheep_mini_moat,
          minmay_temple_entry_antechambers
D:5:      layout_loops_ring, serial_shops, shop, nicolae_ossuary_entry_ruins,
          minmay_misc_feat_enclosed, kennysheep_generic_room_4
D:6:      layout_loops_ring
D:7:      corexii_shantytown, layout_loops_corners, kennysheep_little_box,
          chequers_temple_overflow_statue_of_worship, abandoned_shop,
          grunt_livestock, minmay_door_square, grunt_tough_drop, uniq_menkaure

Skill      XL: |  1  2  3  4  5  6  7  8  9 |
---------------+----------------------------+-----
Conjurations   | 1 2 3 6 |  6.0
Spellcasting   | 2 3 4 5 |  5.0
Fire Magic     | 3 4 5 8 9 |  9.3
Dodging        | |  1.7
Stealth        | |  1.7

Action                   |  1- 3 |  4- 6 |  7- 9 || total
-------------------------+-------+-------+-------++-------
Melee: Unarmed           |    11 |       |       ||    11
       Dagger            |       |    11 |    32 ||    43
 Cast: Foxfire           |    91 |   199 |   344 ||   634
       Conjure Flame     |       |     1 |     2 ||     3
       Sticky Flame      |       |       |     7 ||     7
  Use: Scroll            |       |       |     3 ||     3
 Stab: Sleeping          |       |     1 |     3 ||     4
  Eat: Chunk             |     3 |    10 |    11 ||    24
       Ration            |       |       |     1 ||     1
Armor: Robe              |     4 |     5 |    20 ||    29
Dodge: Dodged            |    33 |    14 |    60 ||   107

Table legend:
 A = Non-vault XP
 B = Vault XP
 C = Vault XP percentage of total XP
 D = Non-vault monster count
 E = Vault monster count
 F = Vault count percentage of total count
                 A         B        C        D         E       F
            +---------+---------+-------+---------+---------+-------
      Total |    1895 |    2041 |  51.9 |     118 |      57 |  32.6
            +---------+---------+-------+---------+---------+-------
        D:1 |      36 |       0 |   0.0 |      19 |       0 |   0.0
        D:2 |      51 |       0 |   0.0 |      18 |       0 |   0.0
        D:3 |     249 |      77 |  23.6 |      26 |       4 |  13.3
        D:4 |     347 |       0 |   0.0 |      27 |       0 |   0.0
        D:5 |      21 |      39 |  65.0 |       5 |       1 |  16.7
        D:6 |     655 |       0 |   0.0 |      14 |       0 |   0.0
        D:7 |     536 |    1055 |  66.3 |       9 |      23 |  71.9
    Ossuary |       0 |     870 | 100.0 |       0 |      29 | 100.0
            +---------+---------+-------+---------+---------+-------
